 Dungeon Crawl Stone Soup version 0.29.0-7-g18a832c13a (webtiles) character file.

Game seed: 3146727795803088411

69 gelatine the Vexing (level 4, -1/32 HPs)
             Began as a Formicid Arcane Marksman on Aug 30, 2022.
             Slain by an iguana (11 damage)
             ... on level 3 of the Dungeon.
             The game lasted 00:09:07 (2026 turns).

gelatine the Vexing (Formicid Arcane Marksman)      Turns: 2026, Time: 00:09:08

Health: -1/32      AC:  4    Str: 15    XL:     4   Next: 42%
Magic:  1/6        EV: 12    Int: 14    God:
Gold:   131        SH:  0    Dex: 14    Spells: 2/6 levels left

rFire   . . .      SeeInvis +   a - +1 sling
rCold   . . .      Faith    .   (no shield)
rNeg    . . .      Spirit   .   c - +0 robe
rPois   .          Reflect  .   (helmet unavailable)
rElec   .          Harm     .   h - +0 cloak
rCorr   .          Rampage  .   (no gloves)
Will    .....                   g - +0 pair of boots
Stlth   +.........              (no amulet)
HPRegen 0.10/turn               (no ring)
MPRegen 0.10/turn               (no ring)

@: no status effects
A: permanent stasis, dig shafts and tunnels, antennae 3, four strong arms
a: Dig, Shaft Self


You were on level 3 of the Dungeon.
You visited 1 branch of the dungeon, and saw 3 of its levels.

You collected 131 gold pieces.

Inventory:

Hand Weapons
 a - a +1 sling (weapon)
Missiles
 i - 10 poisoned darts
Armour
 c - a +0 robe (worn)
 g - a +0 pair of boots (worn)
 h - a +0 cloak (worn)
Magical Staves
 l - a staff of conjuration
Scrolls
 b - a scroll of poison
 d - a scroll of butterflies {unknown}
 j - 2 scrolls of teleportation {unknown}
 k - 2 scrolls of identify {unknown}
 o - a scroll of enchant weapon {unknown}
Potions
 e - 2 potions of degeneration {unknown}
 f - 2 potions of curing {unknown}
 m - a potion of mutation {unknown}
 n - a potion of heal wounds {unknown}


   Skills:
 * Level 1.6 Fighting
 + Level 3.1 Ranged Weapons
 + Level 1.7 Dodging
 + Level 0.3 Stealth
 + Level 1.5 Spellcasting
 * Level 1.0 Conjurations
 * Level 4.2 Hexes
 * Level 0.2 Fire Magic


You had 2 spell levels left.
You knew the following spells:

 Your Spells              Type           Power      Damage    Failure   Level
a - Slow                  Hex            52%        N/A       4%          1
b - Inner Flame           Hex/Fire       7%         N/A       30%         3

Your spell library contained the following spells:

 Spells                   Type           Power      Damage    Failure   Level
 Portal Projectile        Hex/Tloc       14%        N/A       30%         3
 Cause Fear               Hex            6%         N/A       41%         4


Dungeon Overview and Level Annotations

Branches:
Dungeon (3/15)

Altars:


Innate Abilities, Weirdness & Mutations

You cannot be hasted, slowed, berserked, paralysed or teleported.
You can dig through walls and to a lower floor.
You have a pair of large antennae on your head. (SInv)
Your four strong arms can wield two-handed weapons with a shield.


Message History

You shoot a sling bullet. The sling bullet hits the iguana.
The iguana is moderately wounded.
You shoot a sling bullet.
The sling bullet barely misses the iguana.
You shoot a sling bullet.
The sling bullet barely misses the iguana.
The sling bullet hits the worm.
The worm is moderately wounded.
The iguana closely misses you.
You shoot a sling bullet.
The sling bullet barely misses the iguana.
The sling bullet hits the worm but does no damage.
The worm is moderately wounded.
The iguana closely misses you.
You shoot a sling bullet.
The sling bullet barely misses the iguana.
The sling bullet hits the worm!
The worm is severely wounded.
The iguana closely misses you.
You shoot a sling bullet.
The sling bullet completely misses the iguana.
The sling bullet hits the worm.
You kill the worm!
The iguana is no longer moving slowly.
The iguana closely misses you.
Your Conjurations skill increases to level 1!
You shoot a sling bullet.
The sling bullet barely misses the iguana.
The iguana bites you!
You are too injured to fight recklessly!
You are too injured to fight recklessly!
You are too injured to fight recklessly!
You are too injured to fight recklessly!
Casting: Slow (safe; 4% risk of failure)
Confirm with . or Enter, or press ? or * to list all spells.
Aiming: Slow (safe; 4% risk of failure)
Press: ? - help, Shift-Dir - straight line, f/p - iguana
Aim: an iguana (moderately wounded, chance to affect: 61%)
The iguana resists with significant effort.
The iguana bites you!
You die...

###.##..#.#.....#
###.#.....###.###
....#########.#
.#.....#...##.#
.#.###.#.#.##.#
.#.###.#.#.##.#
.#.#...#.#....#
.#.#.###.#########
....w......†...l@#
.###.#...####.##.#
.###.###.####.##.#
..##........†.##.#
..#...)....#####.#
..#........#####.#
..............##.#
##............##.#
##..######....##.#


You could see an iguana.

Vanquished Creatures
  An adder (D:2)
  2 worms
  2 dart slugs
  An orc (D:2)
  6 ball pythons
  4 bats
  5 endoplasms
  A giant cockroach (D:2)
  A goblin (D:1)
  5 hobgoblins
  3 jackals (D:1)
  A quokka (D:1)
  3 frilled lizards
  7 kobolds
  4 rats
46 creatures vanquished.

Notes
Turn   | Place    | Note
-------+----------+-------------------------------------------
     0 | D:1      | gelatine the Formicid Arcane Marksman began the quest for
                  | the Orb.
     0 | D:1      | Reached XP level 1. HP: 15/15 MP: 2/2
    77 | D:1      | Reached skill level 4 in Hexes
   252 | D:1      | Reached XP level 2. HP: 21/21 MP: 1/3
   723 | D:1      | Reached XP level 3. HP: 26/26 MP: 0/4
  1192 | D:2      | Learned a level 3 spell: Inner Flame
  1354 | D:2      | Reached XP level 4. HP: 21/32 MP: 4/6
  2025 | D:3      | Reached skill level 1 in Conjurations
  2026 | D:3      | Slain by an iguana

Illustrated notes

Levels and vault maps discovered:
D:1:      onia_arrival_pyramid, layout_loops_ring, chequers_jeans
D:2:      layout_basic, minmay_small_reverse_x
D:3:      layout_basic, chequers_ecumenical_altar_twisty, uniq_natasha

Skill      XL: |  1  2  3  4 |
---------------+-------------+-----
Hexes          | 4 |  4.2
Ranged Weapons | 3 |  3.1
Conjurations   | 1 |  1.0
Fighting       | |  1.6
Dodging        | |  1.7
Stealth        | |  0.3
Spellcasting   | |  1.5
Fire Magic     | |  0.2

Action                   |  1- 3 |  4- 6 || total
-------------------------+-------+-------++-------
 Fire: Sling             |   115 |    61 ||   176
 Cast: Slow              |    39 |    28 ||    67
       Inner Flame       |       |     1 ||     1
Armor: Robe              |    12 |    19 ||    31
Dodge: Dodged            |    34 |    32 ||    66
